 Dungeon Crawl Stone Soup version 0.29-a0-878-g7b45a56547 (webtiles) character file.

Game seed: 17136276068921981686

133 Locuples the Sneak (level 4, -2/49 HPs)
             Began as a Demonspawn Brigand on July 20, 2022.
             Slain by an orc
             ... wielding a +0 trident
              (4 damage)
             ... on level 3 of the Dungeon.
             The game lasted 00:03:45 (1489 turns).

Locuples the Sneak (Demonspawn Brigand)             Turns: 1489, Time: 00:03:45

Health: -2/49      AC: 22    Str: 11    XL:     4   Next: 93%
Magic:  4/4        EV:  2    Int: 13    God:
Gold:   46         SH:  0    Dex: 16    Spells: 3/3 levels left

rFire   . . .      SeeInvis .   g - +1 dagger (flame)
rCold   . . .      Faith    .   (no shield)
rNeg    . . .      Spirit   .   (body armour currently unavailable)
rPois   +          Reflect  .   (helmet currently unavailable)
rElec   .          Harm     .   (cloak currently unavailable)
rCorr   .          Rampage  .   (gloves currently unavailable)
Will    .....      NoTele   +   (boots currently unavailable)
Stlth   +.........              (no amulet)
HPRegen 0.16/turn               (no ring)
MPRegen 0.18/turn               (no ring)

@: confused, tree-form
A: stationary, stasis, torment immunity, boosted hp, (thin metallic scales 1),
ignite blood 1, magic regeneration
a: no special abilities


You were on level 3 of the Dungeon.
You were a tree.
You visited 1 branch of the dungeon, and saw 3 of its levels.

You collected 46 gold pieces.

Inventory:

Hand Weapons
 a - a +2 dagger
 g - a +1 dagger of flaming (weapon)
Missiles
 d - 9 poisoned darts (quivered)
 e - 3 curare-tipped darts
Armour
 c - a +0 cloak (melded)
 n - the +2 robe of Starshine (melded) {rElec Will+ Dex+3}
   (You found it on level 3 of the Dungeon)

   Dex:       It affects your dexterity (+3).
   rElec:     It insulates you from electricity.
   Will:      It increases your willpower.
Wands
 j - a wand of acid (4)
Scrolls
 i - 4 scrolls of identify {unknown}
 k - a scroll of torment {unknown}
 m - 2 scrolls of poison {unknown}
Potions
 h - 3 potions of brilliance


   Skills:
 + Level 2.3 Fighting
 * Level 2.9 Short Blades
 - Level 1.7 Throwing
 - Level 0.8 Dodging
 * Level 5.3 Stealth


You had 3 spell levels left.
You didn't know any spells.
Your spell library contained the following spells:

 Spells                   Type           Power      Damage    Failure   Level
 Magic Dart               Conj           0%         1d3       30%         1
 Call Imp                 Summ           0%         N/A       43%         2
 Mephitic Cloud           Conj/Pois/Air  0%         N/A       67%         3
 Dispersal                Tloc           0%         N/A       100%        6
 Disjunction              Tloc           0%         N/A       100%        8


Dungeon Overview and Level Annotations

Branches:
Dungeon (3/15)

Altars:


Innate Abilities, Weirdness & Mutations

You are a tree.
Your roots penetrate the ground, keeping you stationary.
You cannot be teleported.
You are immune to unholy pain and torment.
Your maximum health is greatly increased.
Your equipment is partially melded.
((You are partially covered in thin metallic scales. (AC +2)))
Your demonic aura sometimes causes spilled blood to erupt in flames.
You regenerate magic rapidly.


Message History

You hit the orc. You burn the orc.
You kill the orc!
The orc priest miscasts a cantrip.
You hit the orc but do no damage. The orc hits you but does no damage.
The orc hits you from afar with a +0 trident.
* * * LOW HITPOINT WARNING * * *
You hit the orc. You burn the orc.
You kill the orc!
The orc hits you but does no damage.
You cannot move.
You cannot move.
You cannot move.
You cannot move.
You cannot move.
You cannot move.
You cannot move.
You cannot move.
You cannot move.
You cannot move.
You cannot move.
You cannot move.
You cannot move.
You cannot move.
You cannot move.
You cannot move.
You cannot move.
You cannot move.
You cannot move.
You cannot move.
You cannot move.
You cannot move.
You cannot move.
Something hits you but does no damage. Something completely misses you.
The orc hits you but does no damage. The orc hits you but does no damage.
Something hits you but does no damage. The orc hits you but does no damage.
Something hits you but does no damage.
You hear some strange, mumbled words.
You are confused.
The orc hits you from afar with a +0 trident.
You die...

. #### ..# #... .... ###.
..... ############.
.....o########..........##
.....ooo)♣...)............
......#######............#
..### #^......>....#
#.######.....# #.#
##...... #.# #.......
#######.#####.......
...............####. ###
........#..†...# #.


You could see an orc priest and 3 orcs.

Vanquished Creatures
  Natasha (D:3)
  An orc wizard (D:3)
  3 adders (D:2)
  A worm (D:3)
  2 dart slugs
  3 orcs (D:3)
  4 ball pythons
  3 bats
  An endoplasm (D:3)
  A giant cockroach (D:2)
  8 goblins
  3 hobgoblins (D:2)
  2 jackals (D:3)
  2 kobolds (D:1)
  2 quokkas
  5 frilled lizards
  6 rats
48 creatures vanquished.

Notes
Turn   | Place    | Note
-------+----------+-------------------------------------------
     0 | D:1      | Locuples the Demonspawn Brigand began the quest for the
                  | Orb.
     0 | D:1      | Reached XP level 1. HP: 16/16 MP: 1/1
   239 | D:1      | Reached skill level 4 in Stealth
   251 | D:1      | Gained mutation: You are partially covered in thin metallic
                  | scales. (AC +2) [demonic ancestry]
   251 | D:1      | Reached XP level 2. HP: 22/22 MP: 2/2
   390 | D:1      | You fall into a shaft and drop 1 floor!
   692 | D:2      | Gained mutation: Your demonic aura sometimes causes spilled
                  | blood to erupt in flames. [demonic ancestry]
   692 | D:2      | Reached XP level 3. HP: 27/27 MP: 3/3
  1180 | D:3      | Identified the +2 robe of Starshine {rElec Will+ Dex+3}
  1195 | D:3      | Noticed Natasha
  1237 | D:3      | Gained mutation: You regenerate magic rapidly. [demonic
                  | ancestry]
  1237 | D:3      | Reached XP level 4. HP: 33/33 MP: 4/4
  1269 | D:3      | Killed Natasha
  1270 | D:3      | Reached skill level 5 in Stealth
  1480 | D:3      | HP: 1/49 [orc/+0 trident (5)]
  1489 | D:3      | Slain by an orc

Illustrated notes

Levels and vault maps discovered:
D:1:      eino_arrival_water_star, layout_basic
D:2:      layout_basic
D:3:      layout_basic, lightli_corner_chamber, uniq_natasha

Skill      XL: |  1  2  3  4 |
---------------+-------------+-----
Stealth        | 4 5 |  5.3
Short Blades   | 2 |  2.9
Fighting       | |  2.3
Throwing       | |  1.7
Dodging        | |  0.8

Action                   |  1- 3 |  4- 6 || total
-------------------------+-------+-------++-------
Melee: Dagger            |    95 |    59 ||   154
       Punch             |     1 |       ||     1
  Use: Potion            |       |     3 ||     3
 Stab: Sleeping          |     7 |     1 ||     8
Armor: Robe              |    40 |    17 ||    57
       Skin              |       |    16 ||    16
Dodge: Dodged            |    49 |    39 ||    88

Table legend: (Time is in decaauts)
 A = Elapsed time spent in this place.
 B = Non-inter-level travel time spent in this place.
 C = Inter-level travel time spent in this place.
 D = Time resting spent in this place.
 E = Time spent auto-exploring this place.
 F = Levels seen in this place.
 G = Mean time per level.
                   A        B        C        D        E       F      G
               +--------+--------+--------+--------+--------+-----+--------+
         Total |   1471 |   1471 |      0 |    125 |    912 |   3 |  490.3 |
       Dungeon |   1471 |   1471 |      0 |    125 |    912 |   3 |  490.3 |
               +--------+--------+--------+--------+--------+-----+--------+

Top non-repeatable levels by time:
     D:2: 670 daAuts
     D:3: 412 daAuts
     D:1: 388 daAuts
